AoeStats
← Oldspice

African Clearing

510432873Analyzed
3v3 RM · 1d ago on Oct 1, 2026· 50m 38s· 6 players
Game mode
Random Map
Map size
Normal (6 player)
Population
200
Speed
Normal
Resources
Standard
Victory
Conquest
Starting age
Dark Age
Ending age
Imperial Age
RankedLock teamsTeams togetherTeam positionsShared explorationLock speedFull tech treeHidden civsTurbo modeCheats
Victory
Defeat
🇨🇦 Italians · Canada
1591
+13
🇺🇸 Poles · United States
1532
+15
🇺🇸 Burgundians · United States
1487
+17
🇨🇴 Ethiopians · Colombia
1562
-17
🇨🇴 Jurchens · Colombia
1523
-15
🇨🇴 Turks · Colombia
1453
-13
VLC | SnowBall
3:01 Loom
12:06 Feudal Age
17:25 Wheelbarrow
17:37 Double-Bit Axe
21:38 Castle Age
23:41 Scale Barding Armor
27:00 Arson
27:28 Horse Collar
29:19 Padded Archer Armor
30:19 Heavy Plow
30:35 Bow Saw
31:54 Town Watch
34:01 Forging
35:44 Bloodlines
36:14 Hand Cart
36:21 Chain Barding Armor
39:53 Imperial Age
38:25 Iron Casting
38:25 Husbandry
38:24 Fletching
40:05 Bodkin Arrow
40:16 Gold Mining
40:16 Stone Mining
40:04 Elite Iron Pagoda
41:25 Plate Barding Armor
42:13 Blast Furnace
41:30 Masonry
43:26 Stone Shaft Mining
42:54 Bracer
45:59 Chemistry
45:20 Ballistics
46:26 Hoardings
47:17 Leather Archer Armor
VLC | Tithen
10:02 Loom
12:51 Feudal Age
13:35 Double-Bit Axe
18:20 Castle Age
17:01 Horse Collar
18:03 Fletching
19:45 Bodkin Arrow
22:18 Crossbowman
28:23 Ballistics
28:37 Padded Archer Armor
29:14 Bow Saw
31:26 Wheelbarrow
30:53 Heavy Plow
33:52 Leather Archer Armor
33:43 Thumb Ring
37:32 Imperial Age
37:13 Town Watch
38:26 Bracer
38:43 Arbalester
41:50 Ring Archer Armor
41:04 Capped Ram
43:14 Chemistry
42:42 Siege Ram
49:24 Conscription
VLC | NickNF
8:42 Loom
11:44 Feudal Age
14:25 Double-Bit Axe
21:43 Castle Age
20:18 Scale Barding Armor
21:10 Bloodlines
20:50 Horse Collar
24:44 Bow Saw
26:17 Heavy Plow
27:29 Chain Barding Armor
28:16 Forging
31:51 Wheelbarrow
31:05 Town Watch
32:22 Gold Mining
32:42 Husbandry
33:45 Iron Casting
35:08 Stone Mining
40:30 Imperial Age
38:23 Hand Cart
43:02 Plate Barding Armor
41:56 Heavy Camel Rider
46:22 Two-Man Saw
BucketsTTP
6:03 Double-Bit Axe
9:43 Loom
9:54 Loom
12:20 Feudal Age
13:37 Bow Saw
18:12 Castle Age
18:28 Forging
18:56 Squires
19:39 Horse Collar
19:43 Pikeman
21:44 Wheelbarrow
24:19 Husbandry
24:51 Scale Barding Armor
26:11 Chain Barding Armor
27:55 Gold Mining
28:02 Stone Mining
28:49 Cavalier
29:58 Heavy Plow
30:23 Town Watch
31:15 Iron Casting
32:05 Gold Shaft Mining
32:37 Gold Shaft Mining
32:52 Hand Cart
35:41 Imperial Age
33:26 Guilds
35:35 Scale Mail Armor
36:49 Stone Shaft Mining
36:57 Chain Mail Armor
36:14 Paladin
36:48 Arson
38:04 Blast Furnace
38:23 Two-Man Saw
38:10 Plate Mail Armor
38:16 Burgundian Vineyards
39:20 Conscription
40:09 Plate Barding Armor
39:22 Halberdier
40:06 Fletching
41:10 Treadmill Crane
41:41 Masonry
42:24 Ballistics
43:08 Flemish Revolution
Oldspice
12:55 Feudal Age
13:02 Man-at-Arms
14:37 Loom
19:58 Horse Collar
21:06 Fletching
25:52 Castle Age
26:41 Double-Bit Axe
27:33 Wheelbarrow
32:36 Heavy Plow
41:49 Imperial Age
39:40 Hand Cart
39:29 Gold Mining
39:30 Stone Mining
40:22 Town Watch
42:37 Scale Mail Armor
42:47 Forging
42:25 Elite Obuch
44:23 Chemistry
43:48 Chain Mail Armor
45:02 Iron Casting
46:01 Plate Mail Armor
46:25 Heavy Mounted Crossbowman
47:28 Ballistics
47:53 Bodkin Arrow
48:21 Padded Archer Armor
50:11 Thumb Ring
50:57 Bow Saw
51:28 Stone Shaft Mining
IVIUSTANG
13:35 Feudal Age
14:38 Loom
15:31 Double-Bit Axe
17:49 Castle Age
18:58 Bow Saw
20:45 Wheelbarrow
26:19 Horse Collar
27:18 Fletching
27:28 Padded Archer Armor
28:51 Bodkin Arrow
30:05 Ballistics
30:39 Leather Archer Armor
31:53 Thumb Ring
38:25 Imperial Age
36:18 Hand Cart
36:26 Scale Mail Armor
36:36 Forging
36:40 Squires
36:26 Arson
37:01 Gold Mining
37:35 Chain Mail Armor
38:26 Coinage
39:02 Heavy Plow
39:40 Plate Mail Armor
39:45 Iron Casting
39:32 Conscription
39:14 Bracer
40:15 Chemistry
40:46 Ring Archer Armor
40:10 Elite Genoese Crossbowman
41:50 Iron Casting
42:29 Masonry
44:30 Two-Man Saw
43:45 Stone Mining
45:05 Blast Furnace
45:01 Architecture
46:34 Banking
48:09 Treadmill Crane
Connection lost

Rejoining the realm…

Still unreachable

The connection could not be restored.

Session expired

The server has moved on; the page needs a fresh start.